[Event "Early-Titled-Tuesday-Blitz-May-07-2024"]
[Site "Chess.com"]
[Date "2024.05.07"]
[Round "8"]
[White "GMG"]
[Black "kemelgallo"]
[Result "1/2-1/2"]
[WhiteElo "2822"]
[BlackElo "2657"]
[TimeControl "180+1"]
[EndTime "9:33:34 PDT"]
[Termination "Game drawn by repetition"]

1. d4 d5 2. c4 e6 3. Nf3 Nf6 4. Nc3 Nbd7 5. Bf4 dxc4 6. e3 b5 7. Nxb5 Bb4+ 8. Nc3 Nd5 9. Rc1 N7b6 10. Bg3 O-O 11.
e4 Nxc3 12. bxc3 Ba3 13. Rb1 c5 14. Qc2 Bb7 15. Rb5 cxd4 16. Nxd4 Rc8 17. f3 Bc5 18.
Bf2 e5 19. Rxc5 exd4 20. cxd4 f5 21. Bxc4+ Kh8 22. d5 fxe4 23. fxe4 Nxc4 24. Qxc4 Rxc5 25. Qxc5 Ba6 26. h4 Re8 27. Rh3 Rxe4+ 28. Re3 Rxe3+ 29.
Bxe3 Qxh4+ 30. Kd2 h6 31. Qf8+ Kh7 32. Qf5+ Kh8 33.
Qf8+ Kh7 34. Qf5+ Kh8 35. Qf8+ 1/2-1/2

[Event "Early-Titled-Tuesday-Blitz-May-07-2024"]
[Site "Chess.com"]
[Date "2024.05.07"]
[Round "8"]
[White "GMT4114"]
[Black "NowInChess"]
[Result "0-1"]
[WhiteElo "1987"]
[BlackElo "2245"]
[TimeControl "180+1"]
[EndTime "9:33:37 PDT"]
[Termination "NowInChess won by resignation"]

1. e4 e6 2. d4 d5 3. Nc3 Nc6 4.
e5 f6 5. Bb5 Bd7 6. Nf3 fxe5 7.
dxe5 Bc5 8. O-O Nge7 9. Bg5 O-O 10. a3 Qe8 11. Qe2 a6 12. Bd3 Qh5 13. Rae1 Rf7 14.
h3 Raf8 15. Kh2 Rxf3 16. gxf3 Qxg5 17. Rg1 Qf4+ 18. Rg3 Nd4 19. Qd1 Nxf3+ 20. Kg2 Nxe1+ 21. Qxe1 Bxf2 0-1

[Event "Early-Titled-Tuesday-Blitz-May-07-2024"]
[Site "Chess.com"]
[Date "2024.05.07"]
[Round "8"]
[White "platy3"]
[Black "tetrix83"]
[Result "1-0"]
[WhiteElo "2866"]
[BlackElo "2680"]
[TimeControl "180+1"]
[EndTime "9:33:41 PDT"]
[Termination "platy3 won by resignation"]

1. e4 c5 2. Nf3 d6 3. Bb5+ Bd7 4.
Bxd7+ Nxd7 5. O-O Ngf6 6. Re1 e6 7. c3 Be7 8. d4 d5 9. exd5 Nxd5 10.
c4 N5f6 11. d5 Nb6 12. dxe6 Qxd1 13. exf7+ Kxf7 14. Rxd1 Nxc4 15. b3 Nb6 16. Nc3 Rhd8 17. Re1 Nbd5 18. Bb2 Bf8 19. Ne4 Nb4 20. Nfg5+ Kg6 21.
Ne6 Rdc8 22. Re3 Rc6 23. Rg3+ Kf5 24. Nxf6 Kxe6 25. Nxh7 Bd6 26. Rxg7 Nd3 27. Bc3 Be5 28. Bxe5 Kxe5 29. Rd1 c4 30. bxc4 Rxc4 31. g3 Rd8 32.
Rxb7 Rc3 33. Ng5 Kf6 34. Ne4+ 1-0

[Event "Early-Titled-Tuesday-Blitz-May-07-2024"]
[Site "Chess.com"]
[Date "2024.05.07"]
[Round "8"]
[White "LeninGuerra"]
[Black "cthulhuuu"]
[Result "1/2-1/2"]
[WhiteElo "2659"]
[BlackElo "2524"]
[TimeControl "180+1"]
[EndTime "9:33:41 PDT"]
[Termination "Game drawn by repetition"]

1. e4 d6 2. d4 Nf6 3. Nc3 c6 4. Nf3 Bg4 5. Be2 e6 6. Be3 d5 7. e5 Nfd7 8. a4 c5 9. O-O Bxf3 10. Bxf3 cxd4 11. Bxd4 Nc6 12. Re1 Nxd4 13. Qxd4 Bc5 14.
Qd2 O-O 15. Rad1 Rc8 16. Qe2 Qb6 17. Bxd5 exd5 18. Nxd5 Qe6 19. b4 Bb6 20. a5 Bc7 21. f4 Rfd8 22. f5 Qxe5 23. Ne7+ Kf8 24. Nxc8 Qxh2+ 25. Kf1 Qh1+ 26. Kf2 Qh4+ 27. Kg1 Qh2+ 28. Kf2 Qh4+ 29. Kf1 Qh1+ 30. Kf2 Qh4+ 1/2-1/2

[Event "Early-Titled-Tuesday-Blitz-May-07-2024"]
[Site "Chess.com"]
[Date "2024.05.07"]
[Round "8"]
[White "martinmena"]
[Black "Burgsvik"]
[Result "0-1"]
[WhiteElo "2117"]
[BlackElo "2330"]
[TimeControl "180+1"]
[EndTime "9:33:42 PDT"]
[Termination "Burgsvik won on time"]

1. c4 c5 2. Nc3 Nc6 3. g3 d6 4. Bg2 Be6 5. d3 Qc8 6. e4 g6 7. Nge2 Bg7 8. O-O Bh3 9. Be3 h5 10.
Nd5 Rb8 11. Bxh3 Qxh3 12. Nc7+ Kd8 13. Nd5 Bxb2 14. Rb1 Be5 15. f4 Bg7 16. f5 gxf5 17. exf5 Nf6 18. Nec3 Ng4 19. Qd2 Bxc3 20. Nxc3 Nce5 21.
Bf4 h4 22. Bxe5 Nxe5 23. Qg2 hxg3 24. hxg3 Qxg2+ 25. Kxg2 Nxd3 26. Rfd1 Ne5 27. Nd5 Ng4 28. Re1 Rh2+ 29. Kf3 Ne5+ 30. Kf4 Kd7 31. f6 Rf2+ 32. Ke3 Rf3+ 33. Ke2 exf6 34. Nf4 Rxg3 35. Rbd1 Ra3 36. Kf1 Nxc4 37. Nd5 Kc6 38. Nxf6 Rf3+ 39. Kg2 Rxf6 40. Rc1 Rg8+ 0-1

[Event "Early-Titled-Tuesday-Blitz-May-07-2024"]
[Site "Chess.com"]
[Date "2024.05.07"]
[Round "8"]
[White "N_I_Chess"]
[Black "Chessdreamer2020"]
[Result "0-1"]
[WhiteElo "2330"]
[BlackElo "2511"]
[TimeControl "180+1"]
[EndTime "9:33:43 PDT"]
[Termination "Chessdreamer2020 won by resignation"]

1. d4 d6 2. c4 e5 3. e3 Nd7 4.
Nc3 Ngf6 5. Bd3 g6 6. Nge2 Bg7 7.
O-O O-O 8. b3 Re8 9. Qc2 c6 10.
Bb2 Qe7 11. Rac1 e4 12. a4 exd3 13. Qxd3 Ne4 14. Nd1 f5 15. f3 Nef6 16. Ba3 c5 17.
b4 b6 18. a5 Ba6 19. b5 Bc8 20. a6 Nf8 21. Re1 Be6 22. Rc2 Rad8 23. d5 Bc8 24. Bc1 N6d7 25. f4 Nf6 26. Rf1 Ne4 27. Rf3 Nd7 28.
h3 Ndf6 29. Kh2 h5 30. Ra2 Kf7 31. Rc2 Rh8 32. Ra2 Rde8 33. Rc2 Ng4+ 34. Kg1 Ngf6 35. Bb2 h4 36. Bc1 Nh5 37. Kh2 Nhg3 38. Nxg3 hxg3+ 39. Kg1 Bf6 40. Bd2 Bh4 41. Be1 Rhg8 42. Qe2 Ref8 43. Nc3 Ke8 44. Nxe4 Qxe4 45. Bxg3 Bxg3 46. Rxg3 Kd8 47.
Rc1 Re8 48. Rf3 Kc7 49. Kh1 g5 50. fxg5 Rxg5 51. Rcf1 Reg8 52. Qf2 Rxg2 53. Qxg2 Rxg2 54. Kxg2 Qxc4 55. Rf4 Qxb5 56. h4 Qxa6 57. h5 Qe2+ 0-1

[Event "Early-Titled-Tuesday-Blitz-May-07-2024"]
[Site "Chess.com"]
[Date "2024.05.07"]
[Round "8"]
[White "ab-lsv"]
[Black "SpongeBob_03"]
[Result "1-0"]
[WhiteElo "2381"]
[BlackElo "2251"]
[TimeControl "180+1"]
[EndTime "9:33:43 PDT"]
[Termination "ab-lsv won by checkmate"]

1. d4 Nf6 2. c4 e6 3. Nc3 d5 4.
Bg5 Be7 5. e3 b6 6. cxd5 Nxd5 7.
Bxe7 Qxe7 8. Nxd5 exd5 9. Nf3 O-O 10. Bd3 c5 11. dxc5 bxc5 12. O-O Rd8 13. Rc1 Bg4 14. Qc2 Bxf3 15. gxf3 Qg5+ 16. Kh1 Qh5 17. Be2 Nd7 18. f4 Qh4 19. Bf3 Nb6 20. Qxc5 Rac8 21. Qd4 Rxc1 22. Rxc1 Qxf2 23. Bg2 Nc4 24.
Bxd5 Nxe3 25. Bxf7+ Kxf7 26. Rc7+ Kg6 27. Rxg7+ Kh5 28.
Qe5+ Kh4 29. Qg5+ Kh3 30. Rxh7+ Qh4 31. Rxh4# 1-0

[Event "Early-Titled-Tuesday-Blitz-May-07-2024"]
[Site "Chess.com"]
[Date "2024.05.07"]
[Round "8"]
[White "DominguezOnYoutube"]
[Black "Dedic8"]
[Result "1-0"]
[WhiteElo "2977"]
[BlackElo "2864"]
[TimeControl "180+1"]
[EndTime "9:33:47 PDT"]
[Termination "DominguezOnYoutube won by resignation"]

1. e4 e5 2. Nf3 Nc6 3. Bb5 a6 4. Ba4 Nf6 5. O-O b5 6. Bb3 Bc5 7. c3 d6 8. d4 Bb6 9. Re1 h6 10. a4 Rb8 11. axb5 axb5 12. Na3 O-O 13. Nxb5 Bg4 14.
Be3 Nxe4 15. Bd5 exd4 16. cxd4 Ba5 17. Bxe4 d5 18. Bd3 Bxe1 19. Qxe1 Bxf3 20. gxf3 Qh4 21. Qc3 Rb6 22. Qc5 Rfb8 23. Nxc7 Ne7 24. Nxd5 Nxd5 25. Qxd5 Rxb2 26. Ra8 Qe7 27. Qe4 Qc7 28. Qe8+ 1-0

[Event "Early-Titled-Tuesday-Blitz-May-07-2024"]
[Site "Chess.com"]
[Date "2024.05.07"]
[Round "8"]
[White "thesupera12"]
[Black "Zq1"]
[Result "1-0"]
[WhiteElo "2482"]
[BlackElo "2612"]
[TimeControl "180+1"]
[EndTime "9:33:47 PDT"]
[Termination "thesupera12 won by resignation"]

1. d4 Nf6 2. Bg5 c5 3. Bxf6 gxf6 4. c3 b6 5. Nf3 Bb7 6. e3 Bg7 7. g3 O-O 8. Bg2 Nc6 9. O-O d5 10. Nbd2 e6 11. Rc1 f5 12. Ne1 c4 13. f4 b5 14. g4 fxg4 15. Qxg4 f5 16. Qg3 Rf6 17. Nef3 Rg6 18. Qf2 Kh8 19. Kh1 Qe7 20. Rg1 Rg8 21.
Bf1 Bf6 22. Be2 a5 23. Rxg6 Rxg6 24. Rg1 Rxg1+ 25. Qxg1 b4 26. Ne5 Nxe5 27. fxe5 Bg5 28. Nf3 Bh6 29. Qc1 Qf7 30. cxb4 axb4 31. Qd2 Qf8 32.
Ne1 f4 33. exf4 Bxf4 34. Qc2 Be3 35. Nf3 Bc6 36. Qd1 Qf4 37. Qf1 c3 38. bxc3 bxc3 39.
Qb1 Bxd4 40. Qb8+ Kg7 41. Qc7+ Kg6 42. Qxc6 Kf5 43. Qd7 Bxe5 44. Qxh7+ Kf6 45. Qh8+ Kf5 46. Bd3+ Kg4 47. Nxe5+ 1-0

[Event "Early-Titled-Tuesday-Blitz-May-07-2024"]
[Site "Chess.com"]
[Date "2024.05.07"]
[Round "8"]
[White "Shield12"]
[Black "Mrlammy"]
[Result "0-1"]
[WhiteElo "2965"]
[BlackElo "2603"]
[TimeControl "180+1"]
[EndTime "9:33:49 PDT"]
[Termination "Mrlammy won by resignation"]

1. b3 d5 2. Bb2 Nf6 3. Nf3 Bf5 4. d3 Nbd7 5. g3 h6 6. Bg2 e6 7. O-O Be7 8. Nbd2 O-O 9. c4 c6 10. a3 Bh7 11. Rc1 Rc8 12. b4 Qc7 13. Qb3 Rfe8 14. Bd4 Qb8 15. Qb2 Bd6 16. Bc3 e5 17. Qb3 e4 18. dxe4 dxe4 19. Nd4 e3 20. fxe3 Rxe3 21. Rf3 Re7 22. c5 Bc7 23. Rcf1 Rce8 24. Bh3 Ne5 25. Re3 Neg4 26. Rxe7 Rxe7 27. Rf3 Qe8 28. Nf1 Ne3 29. Nxe3 Rxe3 30. Qb2 Rxf3 31. exf3 Qe3+ 32. Kg2 Nd5 33. Bd2 Qd3 34. Be1 Be5 35. Bf2 Ne3+ 36. Bxe3 Qxe3 37.
Qe2 Bxd4 38. Qxe3 Bxe3 39. Bc8 b6 40. cxb6 Bxb6 41. Bb7 c5 42. bxc5 Bxc5 43. f4 Bc2 0-1

[Event "Early-Titled-Tuesday-Blitz-May-07-2024"]
[Site "Chess.com"]
[Date "2024.05.07"]
[Round "8"]
[White "azikom"]
[Black "Zampronha1971"]
[Result "1-0"]
[WhiteElo "2739"]
[BlackElo "2457"]
[TimeControl "180+1"]
[EndTime "9:33:51 PDT"]
[Termination "azikom won on time"]

1. d4 Nf6 2. c4 e6 3. Nc3 Bb4 4. e3 O-O 5. Ne2 d5 6. a3 Bd6 7. c5 Be7 8. b4 e5 9. dxe5 Ng4 10.
f4 c6 11. h3 Nh6 12. e4 f6 13. exd5 fxe5 14. d6 Bh4+ 15. g3 Bxg3+ 16. Nxg3 Qh4 17. Qb3+ Kh8 18. Ne2 exf4 19. Bxf4 Nf5 20. O-O-O a5 21. Nxf5 Bxf5 22. Rg1 axb4 23. Qxb4 Nd7 24. Qc3 Rf7 25. Be3 Qe4 26. Nd4 Bg6 27. Bc4 Ra4 28. Rxg6 hxg6 29. Bxf7 Nxc5 30. Nc2 Ra5 31. Bxc5 Rb5 32. Ba2 Qf4+ 33.
Be3 1-0

[Event "Early-Titled-Tuesday-Blitz-May-07-2024"]
[Site "Chess.com"]
[Date "2024.05.07"]
[Round "8"]
[White "kidagent"]
[Black "Iskusnyh"]
[Result "0-1"]
[WhiteElo "2359"]
[BlackElo "2591"]
[TimeControl "180+1"]
[EndTime "9:33:51 PDT"]
[Termination "Iskusnyh won by resignation"]

1. e4 e6 2. d4 d5 3. Nd2 c5 4.
exd5 Qxd5 5. dxc5 Nf6 6. Ngf3 Qxc5 7. Bd3 Nbd7 8. O-O Qc7 9. c3 Be7 10. Qe2 b6 11. Nd4 Bb7 12. N2f3 O-O 13. Bg5 Nc5 14. Bc2 Nd5 15. Bxe7 Qxe7 16. Rfe1 Qf6 17. Ne5 Nf4 18. Qg4 Nxg2 19. Re2 Nf4 20. Re3 Rad8 21. b4 Rd5 22. Ndf3 Nd7 23. Nxd7 Rxd7 24. Ng5 g6 25. h4 h5 26. Qg3 Rfd8 27. Rae1 Rd2 28. Bb3 R8d3 29. Rxd3 Rxd3 30. f3 Qxc3 31. Rf1 Ne2+ 0-1

[Event "Early-Titled-Tuesday-Blitz-May-07-2024"]
[Site "Chess.com"]
[Date "2024.05.07"]
[Round "8"]
[White "Ati1517"]
[Black "klifus"]
[Result "1-0"]
[WhiteElo "2266"]
[BlackElo "2186"]
[TimeControl "180+1"]
[EndTime "9:33:51 PDT"]
[Termination "Ati1517 won by checkmate"]

1. e4 c5 2. Nf3 d6 3. d4 cxd4 4. Nxd4 Nf6 5. Nc3 a6 6. Bc4 e6 7.
Bb3 Be7 8. O-O O-O 9. Be3 Nc6 10.
h3 Na5 11. f4 Qc7 12. g4 b5 13.
g5 Nh5 14. Qxh5 g6 15. Qf3 b4 16. Nce2 e5 17. fxe5 dxe5 18. Bxf7+ Kg7 19. h4 Nc4 20. h5 Nxe3 21. h6+ Kh8 22. Qxe3 Qc5 23. Bd5 exd4 24.
Rxf8+ Bxf8 25. Nxd4 Ra7 26. Rf1 Be7 27. Qf2 Bh3 28. Qf7 Qxd4+ 29. Kh1 Qxd5 30. exd5 Bxf1 31. Qe8+ Bf8 32. Qxf8# 1-0

[Event "Early-Titled-Tuesday-Blitz-May-07-2024"]
[Site "Chess.com"]
[Date "2024.05.07"]
[Round "8"]
[White "h4parah5"]
[Black "stollenmonster"]
[Result "1-0"]
[WhiteElo "3028"]
[BlackElo "2923"]
[TimeControl "180+1"]
[EndTime "9:33:52 PDT"]
[Termination "h4parah5 won by resignation"]

1. Nf3 Nf6 2. c4 e6 3. g3 d5 4. Bg2 Be7 5. O-O O-O 6. b3 b6 7.
Bb2 Bb7 8. e3 Nbd7 9. Nc3 Ne4 10. cxd5 exd5 11. Ne2 Bf6 12. Bxf6 Qxf6 13. d3 Nd6 14. Qd2 c5 15. Nf4 Rfd8 16. h4 h6 17. Rac1 g5 18. hxg5 hxg5 19. Nh5 Qh6 20. g4 Nf6 21. Nxf6+ Qxf6 22. Nh2 Re8 23. f4 gxf4 24.
Rxf4 Qe5 25. Re1 d4 26. e4 b5 27. Nf3 Qg7 28. e5 Nc8 29. Rf5 Ne7 30. Rg5 Ng6 31. e6 f6 32. Rxc5 Rad8 33. g5 Bxf3 34. gxf6 Qxf6 35. Qg5 Kg7 36. Qxf6+ Kxf6 37. Bxf3 Ne5 38. Rcxe5 1-0

[Event "Early-Titled-Tuesday-Blitz-May-07-2024"]
[Site "Chess.com"]
[Date "2024.05.07"]
[Round "8"]
[White "wonderfultime"]
[Black "viditchess"]
[Result "1-0"]
[WhiteElo "3118"]
[BlackElo "3118"]
[TimeControl "180+1"]
[EndTime "9:33:53 PDT"]
[Termination "wonderfultime won by resignation"]

1. d4 d5 2. Nf3 c5 3. c3 Nf6 4. Bf4 Qb6 5. Qc2 Nc6 6. e3 g6 7. Nbd2 Bf5 8. dxc5 Qxc5 9. Qb3 Qb6 10. Be2 Bg7 11.
h3 O-O 12. O-O Rfc8 13. Rac1 Qxb3 14. axb3 a5 15. Ra1 Nd7 16. Nd4 Nc5 17. Nxf5 gxf5 18. Rfd1 e6 19. Bd6 Nd7 20. Bb5 Bf8 21. Bg3 Nc5 22.
Ra2 b6 23. b4 Ne4 24. Nxe4 fxe4 25. Rda1 f5 26. Kf1 Kf7 27. Ke2 Bg7 28. Bxc6 Rxc6 29. Kd1 e5 30. bxa5 bxa5 31. Rxa5 Rd8 32. Ra7+ Kg6 33. R1a5 Bf6 34. R7a6 Rxa6 35. Rxa6 Kf7 36. Rxf6+ 1-0

[Event "Early-Titled-Tuesday-Blitz-May-07-2024"]
[Site "Chess.com"]
[Date "2024.05.07"]
[Round "8"]
[White "nochewycandy"]
[Black "xasid81"]
[Result "0-1"]
[WhiteElo "2798"]
[BlackElo "2656"]
[TimeControl "180+1"]
[EndTime "9:33:53 PDT"]
[Termination "xasid81 won by checkmate"]

1. e4 d6 2. d4 Nf6 3. Nc3 e5 4. Nf3 Nc6 5. Bb5 Bd7 6. O-O exd4 7. Nxd4 Nxd4 8. Bxd7+ Qxd7 9. Qxd4 Be7 10. Bg5 O-O 11. Rad1 h6 12. Bh4 Qg4 13. Bg3 Rfe8 14. f3 Qe6 15. Rfe1 a6 16. a4 Rad8 17. Kh1 c5 18.
Qd3 Bf8 19. Bh4 g5 20. Bf2 Bg7 21. b3 g4 22. Bh4 gxf3 23. gxf3 Qh3 24. Bxf6 Bxf6 25.
Rg1+ Kh8 26. Rg3 Qh5 27. Nd5 Be5 28. f4 Bd4 29. Rf1 Rg8 30. c3 Rxg3 31. Qxg3 Rg8 32.
Qd3 Qg4 33. Qg3 Qe2 34. Qh3 Qxe4+ 35. Qf3 Qxf3+ 36. Rxf3 Rg1# 0-1

[Event "Early-Titled-Tuesday-Blitz-May-07-2024"]
[Site "Chess.com"]
[Date "2024.05.07"]
[Round "8"]
[White "WiseKing_08"]
[Black "emeli_chess"]
[Result "1-0"]
[WhiteElo "2595"]
[BlackElo "2422"]
[TimeControl "180+1"]
[EndTime "9:33:53 PDT"]
[Termination "WiseKing_08 won by resignation"]

1. e4 e5 2. Nf3 Nc6 3. Bb5 a6 4. Bxc6 dxc6 5. O-O f6 6. d4 exd4 7. Nxd4 c5 8. Ne2 Qxd1 9. Rxd1 Bd7 10. Nbc3 O-O-O 11. Be3 b6 12. Rd2 Ne7 13. Rad1 Nc6 14. Nd5 Be6 15.
Nef4 Bxd5 16. Nxd5 Re8 17. f3 Be7 18. Bf4 Bd8 19. c3 h5 20. h4 g5 21. Bg3 g4 22.
Kf2 Rhf8 23. Ne3 gxf3 24. gxf3 Ne5 25. b3 Rg8 26. Nf5 b5 27. Rd5 c4 28. Bxe5 Rxe5 29.
Rxe5 fxe5 30. bxc4 bxc4 31. Rd5 Re8 32. Rc5 Re6 33. Rxc4 Rb6 34. Rb4 Rc6 35. Rb3 Rc4 36. Ke2 Ra4 37. Rb2 Ra3 38. Kd3 Kd7 39. Kc4 Ke6 40.
Kb4 1-0

[Event "Early-Titled-Tuesday-Blitz-May-07-2024"]
[Site "Chess.com"]
[Date "2024.05.07"]
[Round "8"]
[White "WindWhistler11"]
[Black "KnightDuta"]
[Result "0-1"]
[WhiteElo "2554"]
[BlackElo "2730"]
[TimeControl "180+1"]
[EndTime "9:33:54 PDT"]
[Termination "KnightDuta won on time"]

1. Nf3 d5 2. g3 Nc6 3. c4 d4 4. Bg2 e5 5. O-O e4 6. Ne1 Nf6 7. d3 exd3 8. Nxd3 Be7 9. Nd2 O-O 10. Nf3 a5 11. Bf4 Ne4 12. Nfe5 Nxe5 13. Bxe5 Nc5 14. Nf4 Bf6 15. Bxf6 Qxf6 16. Nd5 Qe5 17.
f4 Qd6 18. e4 dxe3 19. Nxe3 Qb6 20. Nd5 Qxb2 21. Rf2 Qa3 22. Nxc7 Rb8 23. Rf3 Qb2 24. Rf2 Qa3 25. Nb5 Qd3 26. Rd2 Qe3+ 27. Kh1 Bg4 28. Qc2 Rbd8 29. Rf2 Nd3 30. Rd2 Nb4 0-1

[Event "Early-Titled-Tuesday-Blitz-May-07-2024"]
[Site "Chess.com"]
[Date "2024.05.07"]
[Round "8"]
[White "pfalcon1949"]
[Black "Darko-Dimitrijevic"]
[Result "0-1"]
[WhiteElo "1945"]
[BlackElo "2233"]
[TimeControl "180+1"]
[EndTime "9:33:56 PDT"]
[Termination "Darko-Dimitrijevic won on time"]

1. e4 g6 2. d4 Bg7 3. Nc3 b6 4. f4 Bb7 5. Nf3 d6 6. Bd3 Nd7 7. O-O e6 8. Kh1 Ne7 9. Qe1 O-O 10. Be3 c5 11. dxc5 Nxc5 12. Rd1 Qb8 13. Qh4 f6 14. f5 g5 15. Bxg5 fxg5 16. Nxg5 h6 17.
Nxe6 Nxe6 18. Qxe7 Re8 19. Qh4 Ng5 20. f6 Bf8 21.
Bc4+ Kh7 22. e5 Rxe5 23. Nd5 Qd8 24. Bd3+ Kg8 25. Ne7+ Bxe7 26. Qxh6 Bf8 27. Qg6+ Kh8 28. h4 Qe8 29. f7 Re4 30. fxe8=Q Rxh4+ 31. Kg1 Rxe8 32. Qxg5 Be7 0-1

[Event "Early-Titled-Tuesday-Blitz-May-07-2024"]
[Site "Chess.com"]
[Date "2024.05.07"]
[Round "8"]
[White "K_A_S_T_O_R"]
[Black "BashirovKemal"]
[Result "1-0"]
[WhiteElo "2864"]
[BlackElo "2678"]
[TimeControl "180+1"]
[EndTime "9:33:57 PDT"]
[Termination "K_A_S_T_O_R won by resignation"]

1. e4 c5 2. Nf3 d6 3. d4 cxd4 4.
Nxd4 Nf6 5. Nc3 a6 6. Bg5 Nbd7 7. Bc4 Qb6 8. Bb3 Qc7 9. Qd2 e6 10. O-O-O Nc5 11. Bxf6 gxf6 12. f4 Bd7 13. Kb1 O-O-O 14. f5 h5 15. Rhf1 Bh6 16. Qe2 Bg5 17. a3 h4 18. Ba2 Rde8 19. Qf3 Bc6 20. fxe6 fxe6 21. b4 Na4 22. Bxe6+ Kb8 23. Nxc6+ Qxc6 24. Nxa4 Rxe6 25.
Nc3 Rc8 26. Rd3 Re5 27. Rf2 a5 28. Nd5 axb4 29. axb4 Qc4 30. Re2 Rc6 31. Rc3 Qb5 32.
Qd3 Qa4 33. Ra3 Rxd5 34. Rxa4 Rxd3 35. cxd3 Rc1+ 36. Kb2 Rh1 37. g3 h3 38. Ra2 Rg1 39.
Kb3 Rb1+ 40. Rab2 Rc1 41. Rbc2 Rb1+ 42. Kc4 Kc7 43. Kb5+ Kb8 44. Rc3 Rd1 45. Rec2 Rg1 1-0

[Event "Early-Titled-Tuesday-Blitz-May-07-2024"]
[Site "Chess.com"]
[Date "2024.05.07"]
[Round "8"]
[White "Gumugama"]
[Black "UK_23"]
[Result "0-1"]
[WhiteElo "2262"]
[BlackElo "2434"]
[TimeControl "180+1"]
[EndTime "9:33:59 PDT"]
[Termination "UK_23 won by resignation"]

1. e4 c5 2. Nf3 e6 3. d4 cxd4 4.
Nxd4 Nf6 5. Nc3 Nc6 6. Nxc6 bxc6 7. Bd3 d5 8. e5 Nd7 9. Bf4 Qa5 10. O-O Ba6 11.
Bxa6 Qxa6 12. Qg4 h5 13. Qh4 Be7 14. Bg5 Nxe5 15. Bxe7 Ng6 16. Qg5 Nxe7 17. Qxg7 Rg8 18. Qf6 Qc4 19. Rad1 Qg4 20. g3 h4 21. Rd4 Qg6 22.
Qxg6 Nxg6 23. f4 hxg3 24. hxg3 Ke7 25. f5 Ne5 26. fxe6 fxe6 27. Rh4 Rxg3+ 28. Kh2 Rag8 29. Rh7+ R3g7 30. Rxg7+ Rxg7 31. Na4 Kd6 32. b3 Ng4+ 33. Kh3 Ne3 34. Rf2 d4 35. Nb2 e5 36. Rf6+ Kd5 37.
Nd3 Nxc2 38. Rf2 Ne3 39. Nb4+ Ke4 40. Nxc6 d3 41. Nb4 Rd7 42. Rd2 Rh7+ 43. Kg3 Nf1+ 0-1

[Event "Early-Titled-Tuesday-Blitz-May-07-2024"]
[Site "Chess.com"]
[Date "2024.05.07"]
[Round "8"]
[White "Mikhail_Golubev"]
[Black "PenguinPacks"]
[Result "0-1"]
[WhiteElo "2614"]
[BlackElo "2496"]
[TimeControl "180+1"]
[EndTime "9:34:03 PDT"]
[Termination "PenguinPacks won on time"]

1. e4 c5 2. Nf3 d6 3. d4 cxd4 4. Nxd4 Nf6 5. Nc3 a6 6. Bc4 e6 7.
O-O Be7 8. Bb3 O-O 9. Re1 Nc6 10.
Re3 Qb6 11. Nxc6 bxc6 12. Rg3 Nd7 13. Bh6 Bf6 14. Qxd6 Be5 15. Qd3 Bxg3 16. Qxg3 Qd4 17.
Rd1 Qf6 18. Bg5 Qg6 19. Qe3 Ne5 20. Bf4 Ng4 21. Qc5 a5 22. h3 Nf6 23. Qxc6 Ba6 24.
a4 Rfc8 25. Qb6 Nxe4 26. Nxe4 Qxe4 27. Be3 Rcb8 28. Qc5 Rc8 29. Qb6 Qg6 30. f3 Rcb8 31.
Qd4 Bb7 32. Kh2 Bc6 33. Rd2 h5 34. Qe5 h4 35. Rd6 Bb7 36. Bd4 Re8 37. Rd7 Bc6 38. Rc7 Rac8 39. Rxc8 Rxc8 40. Qxa5 Qg3+ 41. Kh1 Bb7 42.
Qd2 Rd8 43. c3 e5 0-1

[Event "Early-Titled-Tuesday-Blitz-May-07-2024"]
[Site "Chess.com"]
[Date "2024.05.07"]
[Round "8"]
[White "DACF2905"]
[Black "TitarovVasiliYouTube"]
[Result "0-1"]
[WhiteElo "2429"]
[BlackElo "2615"]
[TimeControl "180+1"]
[EndTime "9:34:05 PDT"]
[Termination "TitarovVasiliYouTube won by resignation"]

1. e4 Nf6 2. Nc3 d6 3. Nf3 e5 4. d4 Nbd7 5. dxe5 dxe5 6. Bc4 Be7 7. Bg5 O-O 8. Qd2 c6 9. Bb3 Qc7 10. a3 a5 11. O-O Nc5 12. Rfe1 Nxb3 13. cxb3 Be6 14. Qc2 Rad8 15. h3 h6 16. Be3 Rb8 17. Na4 b6 18. Rac1 c5 19. Nc3 Bd7 20. Rcd1 Bc6 21.
Nd5 Bxd5 22. exd5 Bd6 23. Qf5 Nd7 24. Bc1 g6 25. Qc2 Kg7 26. Nd2 f5 27. Nc4 Rbe8 28. a4 Kh7 29. Qd2 g5 30. h4 f4 31. hxg5 hxg5 32. Qd3+ Kg7 33. Nd2 Nf6 34. Ne4 Nxe4 35. Rxe4 Rh8 36. g3 Qf7 37. gxf4 gxf4 38. Kf1 Rh1+ 39.
Kg2 Qg6+ 40. Kf3 Rh3+ 0-1

[Event "Early-Titled-Tuesday-Blitz-May-07-2024"]
[Site "Chess.com"]
[Date "2024.05.07"]
[Round "8"]
[White "chess123456s"]
[Black "WhiteKnight2612"]
[Result "0-1"]
[WhiteElo "2632"]
[BlackElo "2849"]
[TimeControl "180+1"]
[EndTime "9:34:06 PDT"]
[Termination "WhiteKnight2612 won by checkmate"]

1. d4 Nf6 2. Nc3 d5 3. Bf4 a6 4. e3 e6 5. a3 c5 6. Nf3 Nc6 7.
Bd3 Bd6 8. Bxd6 Qxd6 9. dxc5 Qxc5 10. O-O O-O 11. e4 d4 12. Ne2 e5 13. Ng3 h6 14.
Nh4 Ne7 15. Kh1 Be6 16. Qd2 Rac8 17. f4 exf4 18. Rxf4 Ng4 19. Ngf5 Ne3 20. Qf2 Ng6 21. Nxg6 fxg6 22. Ng3 Qg5 23. Ne2 Bg4 24. Rxf8+ Rxf8 25. Qg3 Nf1 26. Qd6 Rf2 27. Qxd4 Ne3 28. Ng3 Rxg2 29. Bc4+ Kh7 30. Bf1 Rxh2+ 31. Kxh2 Qh4+ 32. Kg1 Qxg3+ 33. Kh1 Bf3+ 34. Bg2 Qxg2# 0-1

[Event "Early-Titled-Tuesday-Blitz-May-07-2024"]
[Site "Chess.com"]
[Date "2024.05.07"]
[Round "8"]
[White "Kunalm64"]
[Black "Tonychess32"]
[Result "0-1"]
[WhiteElo "2611"]
[BlackElo "2506"]
[TimeControl "180+1"]
[EndTime "9:34:07 PDT"]
[Termination "Tonychess32 won by resignation"]

1. e4 e6 2. d4 d5 3. Nd2 dxe4 4. Nxe4 Nd7 5. Nf3 Ngf6 6. Bd3 Nxe4 7. Bxe4 Nf6 8. Bg5 Be7 9. Bxf6 Bxf6 10. Qe2 O-O 11. O-O-O Rb8 12. h4 c5 13. Bxh7+ Kxh7 14. Ng5+ Bxg5+ 15. hxg5+ Kg6 16. Qh5+ Kf5 17. g6+ Kf6 18. Qe5+ Kxg6 19.
Qxb8 cxd4 20. Rd3 f6 21. f4 Kf7 22. Qxa7 Qd5 23. Qxd4 Qxa2 24. Kd2 Qa5+ 25. b4 Qc7 26. g3 e5 27. fxe5 Bf5 28. Qd6 Qc4 29. Qd4 Bxd3 30.
Qxd3 Qxb4+ 31. c3 Qe7 32. Qd5+ Kg6 33. e6 Rd8 34. c4 Rxd5+ 35. cxd5 Qd6 36. Re1 Qxd5+ 37.
Kc2 Qc5+ 38. Kd1 Qe7 39. Re3 f5 40. Ke2 Kf6 41. Kf3 Qxe6 42. Rxe6+ Kxe6 0-1

[Event "Early-Titled-Tuesday-Blitz-May-07-2024"]
[Site "Chess.com"]
[Date "2024.05.07"]
[Round "8"]
[White "rachidhuilda"]
[Black "Felix-Rose"]
[Result "1-0"]
[WhiteElo "2354"]
[BlackElo "2210"]
[TimeControl "180+1"]
[EndTime "9:34:07 PDT"]
[Termination "rachidhuilda won by resignation"]

1. d4 Nf6 2. Bg5 d5 3. Bxf6 gxf6 4. c4 e6 5. Nc3 dxc4 6. e3 Rg8 7. g3 c5 8. d5 Qb6 9. Qd2 Qa6 10. b3 b5 11.
bxc4 bxc4 12. Bg2 Bb7 13. Nge2 e5 14. O-O Nd7 15. e4 Bd6 16. Rab1 h5 17. Rb2 h4 18. Rfb1 Bc8 19. Bh3 hxg3 20. hxg3 Nf8 21. Qh6 Rg6 22. Qh4 Rg7 23. Qxf6 Rh7 24. Bxc8 Qxc8 25. Qf5 Qxf5 26. exf5 Ke7 27. Rb7+ Kf6 28. g4 Kg5 29. f3 Rh4 30. Ne4+ 1-0

[Event "Early-Titled-Tuesday-Blitz-May-07-2024"]
[Site "Chess.com"]
[Date "2024.05.07"]
[Round "8"]
[White "willyam13"]
[Black "Yan_Dyomin2010"]
[Result "0-1"]
[WhiteElo "2459"]
[BlackElo "2615"]
[TimeControl "180+1"]
[EndTime "9:34:12 PDT"]
[Termination "Yan_Dyomin2010 won by resignation"]

1. e4 c5 2. Nf3 Nc6 3. d4 cxd4 4. Nxd4 Nf6 5. Nc3 e5 6. Ndb5 d6 7. Bg5 a6 8. Na3 b5 9. Nd5 Be7 10. Bxf6 Bxf6 11. c3 Rb8 12. Nc2 Bg5 13. a4 bxa4 14. Ncb4 Nxb4 15. cxb4 O-O 16. Rxa4 a5 17. b5 Be6 18.
Bc4 Kh8 19. O-O f5 20. exf5 Rxf5 21. b3 Qf8 22. Rxa5 e4 23. Ra1 Qf7 24. Nb4 Bxc4 25. bxc4 Rf8 26. Qe2 e3 27. f3 h5 28. Nd5 Qe8 29.
b6 Qc6 30. Rfb1 R5f7 31. Rb4 Bh6 32. Rab1 Rb7 33. Nc3 Rfb8 34. Nd5 Qc5 35. f4 Re8 36. Kh1 h4 37. Rb5 Qd4 38. Rd1 Qe4 39. Rb2 h3 40. Kg1 hxg2 41. Qxg2 e2 42. Re1 Qd4+ 43. Kh1 Qxb2 0-1